AoeStats
← 476114897

Arena

509643660Analyzed
1v1 RM · 3d ago on Sep 27, 2026· 41m 51s· 2 players
Game mode
Random Map
Map size
Tiny (2 player)
Population
200
Speed
Normal
Resources
Standard
Victory
Conquest
Starting age
Dark Age
Ending age
Imperial Age
RankedLock teamsTeams togetherTeam positionsShared explorationLock speedFull tech treeHidden civsTurbo modeCheats
Victory
Defeat
🇨🇳 Burgundians · China
1327
+14
🇩🇪 Cumans · Germany
1282
-14
476114897
3:23 Double-Bit Axe
10:32 Feudal Age
11:45 Loom
14:54 Castle Age
12:54 Horse Collar
22:39 Wheelbarrow
23:43 Town Watch
24:21 Hand Cart
24:30 Stone Mining
24:32 Gold Mining
25:02 Bow Saw
25:24 Cavalier
28:02 Fervor
28:13 Sanctity
30:34 Imperial Age
29:56 Husbandry
30:06 Scale Barding Armor
30:11 Forging
30:41 Devotion
31:11 Burgundian Vineyards
32:45 Conscription
33:20 Chain Barding Armor
34:04 Chemistry
33:03 Paladin
34:07 Guilds
34:23 Heavy Plow
35:15 Plate Barding Armor
35:16 Iron Casting
38:30 Blast Furnace
39:11 Ballistics
39:01 Masonry
39:35 Hoardings
41:39 Two-Man Saw
41:10 Crop Rotation
Montfort
8:37 Loom
11:10 Feudal Age
12:49 Double-Bit Axe
14:32 Fletching
21:21 Castle Age
20:32 Stone Mining
20:28 Horse Collar
21:30 Gold Mining
25:05 Bow Saw
26:10 Bloodlines
28:19 Wheelbarrow
32:35 Imperial Age
30:24 Padded Archer Armor
30:27 Bodkin Arrow
30:38 Town Watch
31:20 Heavy Plow
32:20 Leather Archer Armor
33:02 Hand Cart
33:12 Ballistics
33:50 Ring Archer Armor
33:43 Conscription
33:39 Pikeman
34:19 Squires
34:20 Light Cavalry
34:54 Elite Steppe Lancer
36:59 Chemistry
36:48 Hoardings
37:34 Halberdier
39:03 Town Patrol
39:07 Scale Mail Armor
39:18 Forging
41:47 Two-Man Saw
Connection lost

Rejoining the realm…

Still unreachable

The connection could not be restored.

Session expired

The server has moved on; the page needs a fresh start.